[Event "*** Titled Tuesday Blitz"]
[Site "Chess.com"]
[Date "2021.04.27"]
[Round "3"]
[White "TomasKapitanchuk"]
[Black "nrvignesh"]
[Result "0-1"]
[WhiteElo "2559"]
[BlackElo "2792"]
[TimeControl "180+1"]
[EndTime "10:29:04 PDT"]
[Termination "nrvignesh won by resignation"]

1. e4 c5 2. Nf3 e6 3. d4 cxd4 4. Nxd4 a6 5. c4 Qc7 6. Nc3 Nf6 7. a3 d6 8. Be2 Be7 9. Be3 b6 10. O-O Bb7 11. f3 Nbd7 12. Qd2 Rc8 13. Rac1 O-O 14.
Rfd1 Qb8 15. b4 Rfe8 16. Nb3 Bd8 17. Bf4 Ne5 18. Bxe5 dxe5 19. c5 Bc7 20. Na4 Bc6 21.
Nxb6 Bxb6 22. cxb6 Ba4 23. Rxc8 Rxc8 24. b7 Re8 25. Rb1 Bxb3 26. Rxb3 Qxb7 27. Qd6 Qc8 28.
Qc5 Qd8 29. Rd3 Qb8 30. Rd6 Rc8 31. Rc6 Rxc6 32. Qxc6 Qa7+ 33. Kf1 h5 34. Qc8+ Kh7 35. Qxa6 Qe3 36. Qd3 Qc1+ 37. Kf2 h4 38. b5 h3 39. Bf1 hxg2 40. Bxg2 Nh5 41. b6 Qb2+ 42. Kf1 Nf4 43. Qe3 Qxg2+ 44. Ke1 Qb2 45. Kd1 Qb1+ 46. Kd2 Qb2+ 47.
Kd1 Qb5 48. a4 Qxa4+ 49. Kd2 Qb4+ 50. Kc2 Kg6 51. Qg1+ Kf6 52. h4 Ke7 53. Kc1 Ne2+ 54. Kd1 Nxg1 55. b7 Qxb7 0-1

[Event "*** Titled Tuesday Blitz"]
[Site "Chess.com"]
[Date "2021.04.27"]
[Round "3"]
[White "CraiggoryC"]
[Black "tgpgoat"]
[Result "1-0"]
[WhiteElo "2213"]
[BlackElo "2336"]
[TimeControl "180+1"]
[EndTime "10:29:06 PDT"]
[Termination "CraiggoryC won by checkmate"]

1. e4 c5 2. Nf3 Nc6 3. d4 cxd4 4. Nxd4 e6 5. Nc3 Qc7 6. Be3 a6 7. Qd2 Nf6 8. f3 Be7 9. g4 b5 10. Nxc6 dxc6 11. g5 Nh5 12. O-O-O Bb7 13. Qf2 Rd8 14. Bh3 O-O 15. Bg4 Nf4 16. Bb6 Rxd1+ 17. Rxd1 Qb8 18. h4 c5 19. Rd7 Bc6 20. Bc7 Qe8 21. Rxe7 Nd3+ 22.
cxd3 Qxe7 23. Bb6 Qd7 24. Bxc5 Rc8 25. d4 a5 26. Kb1 b4 27. Nd1 Bxe4+ 28. fxe4 Qb5 29.
Qe2 Qb7 30. Nf2 a4 31. Nd3 b3 32. a3 Qb5 33. Ne5 Qb7 34. Nc4 Qc7 35. Nd6 Rd8 36. e5 Qc6 37. Bf3 Qd7 38. Be4 Qe7 39.
Qh5 g6 40. Qh6 Qc7 41. h5 Qd7 42. hxg6 fxg6 43. Bxg6 hxg6 44. Qxg6+ Qg7 45. Qxe6+ Kh7 46. Qh3+ Kg8 47. Qe6+ Kh7 48. g6+ Qxg6+ 49. Qxg6+ Kxg6 50. e6 Rh8 51. Kc1 Kf6 52. d5 Rh1+ 53. Kd2 Rh5 54. Ne4+ Kg7 55. d6 Rh2+ 56. Kc3 Rc2+ 57. Kb4 Rxb2 58.
Bd4+ Kg6 59. Bxb2 Kf5 60. d7 Kxe6 61. d8=Q Kf5 62. Qd3 Kg4 63. Qb5 Kf3 64. Qxa4 Ke2 65. Qxb3 Kf1 66. a4 Kg2 67. a5 Kf1 68. a6 Ke2 69.
Nd6 Kf1 70. Nc8 Ke2 71. a7 Kf1 72. a8=Q Ke2 73. Qe4+ Kf1 74. Qbf3+ Kg1 75. Qg2# 1-0

[Event "*** Titled Tuesday Blitz"]
[Site "Chess.com"]
[Date "2021.04.27"]
[Round "3"]
[White "Vice64"]
[Black "Zhigalko_Sergei"]
[Result "0-1"]
[WhiteElo "2662"]
[BlackElo "2941"]
[TimeControl "180+1"]
[EndTime "10:29:08 PDT"]
[Termination "Zhigalko_Sergei won by resignation"]

1. e4 c5 2. Nf3 Nc6 3. d4 cxd4 4. Nxd4 Nf6 5. Nc3 e5 6. Ndb5 d6 7. Bg5 a6 8. Na3 b5 9. Nd5 Be7 10. Bxf6 Bxf6 11. c4 b4 12. Nc2 O-O 13. h4 a5 14. g3 Be6 15. Bg2 Rb8 16. b3 Kh8 17. O-O Be7 18. Qd3 Qd7 19. Rad1 Bd8 20. Nde3 Bc7 21.
Nf5 Rfd8 22. Kh2 g6 23. Nfe3 Bb6 24. Nd5 Bc5 25. Nf6 Qe7 26. Nd5 Qf8 27. f4 exf4 28. gxf4 f5 29. Bh3 Qg7 30. exf5 gxf5 31. Rd2 Rg8 32.
Rg2 Qh6 33. Nc7 Rxg2+ 34. Kxg2 Qg7+ 35. Kh2 Qxc7 36. Bxf5 Bxf5 37. Qxf5 Qg7 38. Ne1 Rf8 39. Qe4 Nd4 40. Nd3 Nf5 41. Nxc5 Qg3+ 42. Kh1 Qxh4+ 43. Kg2 Qg3+ 44. Kh1 dxc5 45. Rf3 Qh4+ 46. Kg2 Rg8+ 47.
Kf1 Ng3+ 48. Rxg3 Qxg3 49. Qe5+ Qg7 50. Qxc5 Qa1+ 51. Ke2 Qxa2+ 52. Kf3 Qxb3+ 53. Ke4 Qc3 54. f5 b3 55. f6 Qxf6 56. Qxa5 b2 57. Qb5 b1=Q+ 58.
Qxb1 Qg6+ 59. Kd5 Qxb1 0-1

[Event "*** Titled Tuesday Blitz"]
[Site "Chess.com"]
[Date "2021.04.27"]
[Round "3"]
[White "lagedema"]
[Black "harlem4brew"]
[Result "0-1"]
[WhiteElo "2578"]
[BlackElo "2383"]
[TimeControl "180+1"]
[EndTime "10:29:09 PDT"]
[Termination "harlem4brew won by checkmate"]

1. d4 Nf6 2. Bg5 e6 3. e4 h6 4. Bxf6 Qxf6 5. c3 d5 6. Nd2 Be7 7. Ngf3 b6 8. Bb5+ Bd7 9. Bd3 Qg6 10. Qe2 Qxg2 11. Rg1 Qh3 12. Rxg7 Kf8 13. Rg3 Qh5 14. exd5 exd5 15. O-O-O Nc6 16. Rdg1 Re8 17. Qf1 Bd6 18.
Rg7 Bh3 19. Qd1 Bf4 20. Kb1 Bxd2 21. Qxd2 Qxf3 22. R7g3 Qh5 23. Qf4 Ne7 24. Qf6 Rg8 25. Rxg8+ Nxg8 26. Qg7+ Ke7 27. Re1+ Be6 28. f4 Qh4 29. Qe5 Kd8 30. Rg1 Qxh2 31. Rc1 Ne7 32. Bb5 Bd7 33. Bxd7 Kxd7 34. Re1 Qh3 35. Ka1 Qe6 36.
Rh1 Qxe5 37. fxe5 Ng8 38. Rh5 Re6 39. a4 Ne7 40. Ka2 c5 41. Kb3 Nc6 42. Rh4 cxd4 43. cxd4 Rg6 44. Kc3 Rg3+ 45. Kc2 a5 46. Kd2 Rb3 47.
Rxh6 Rxb2+ 48. Ke3 Rb4 49. Rd6+ Kc7 50. Rxd5 Rxa4 51.
Rd6 Rxd4 52. Rf6 Rd7 53. Ke4 Re7 54. Rf1 Rxe5+ 55. Kd3 Rd5+ 56. Kc4 Rd7 57. Kb5 Kb7 58. Rc1 Rd4 59. Rb1 Na7# 0-1

[Event "*** Titled Tuesday Blitz"]
[Site "Chess.com"]
[Date "2021.04.27"]
[Round "3"]
[White "Bigfish1995"]
[Black "DarkAlekhine"]
[Result "1-0"]
[WhiteElo "2990"]
[BlackElo "2681"]
[TimeControl "180+1"]
[EndTime "10:29:11 PDT"]
[Termination "Bigfish1995 won by resignation"]

1. d4 Nf6 2. Nf3 g6 3. Bg5 Bg7 4. Nbd2 d6 5. e4 O-O 6. c3 c5 7. dxc5 dxc5 8. Bc4 h6 9. Be3 b6 10. h3 Bb7 11. Qc2 Nc6 12. Rd1 Qc7 13. O-O Nh5 14. Rfe1 Rad8 15. a3 e6 16. Bf1 Rd7 17. Nc4 Rfd8 18.
Rxd7 Rxd7 19. a4 Rd8 20. Qc1 Kh7 21. g4 Nf6 22. Bf4 Qe7 23. Bg2 Ba6 24. Nfe5 Nxe5 25.
Nxe5 Bb7 26. Bg3 Nd7 27. Nc4 Nf6 28. Nd6 Bc6 29. e5 Nd5 30. Qc2 Qd7 31. Ra1 Kg8 32. h4 Qe7 33. a5 b5 34. Qe2 c4 35. Be4 a6 36. h5 g5 37. Rd1 Qc7 38. Qf3 Rf8 39. Ra1 Qd7 40. Qg2 f6 41. exf6 Rxf6 42. Rd1 Qe7 43. Nf5 Qf8 44. Nd4 Bb7 45. Nxe6 Rxe6 46. Bxd5 Bxd5 47. Qxd5 Qf7 48. Kg2 Kh8 49. Qa8+ Re8 50. Qxa6 Rf8 51. Qc6 b4 52. Rd7 Qf6 53.
Qxf6 Bxf6 54. cxb4 Bxb2 55. Rc7 c3 56. Be5+ Kg8 57.
Rg7+ Kh8 58. Rxg5+ Kh7 59. Rg7+ Kh8 60. Rf7+ Kg8 61.
Rxf8+ Kxf8 62. a6 Ke7 63. a7 1-0

[Event "*** Titled Tuesday Blitz"]
[Site "Chess.com"]
[Date "2021.04.27"]
[Round "3"]
[White "dozer80"]
[Black "Anton_Demchenko"]
[Result "0-1"]
[WhiteElo "2657"]
[BlackElo "2923"]
[TimeControl "180+1"]
[EndTime "10:29:11 PDT"]
[Termination "Anton_Demchenko won by resignation"]

1. e4 e5 2. Nc3 Nf6 3. g3 d5 4. exd5 Nxd5 5. Bg2 Nxc3 6. bxc3 Bd6 7. Nf3 O-O 8. O-O Re8 9. d3 Nd7 10. Re1 Rb8 11. a4 a5 12. d4 exd4 13. cxd4 b6 14. Bg5 Rxe1+ 15. Qxe1 Qf8 16. Bh3 h6 17. Bd2 Nf6 18.
Bxc8 Rxc8 19. Qf1 Re8 20. Re1 Re7 21. Nh4 Qe8 22. Rxe7 Bxe7 23. Qe1 Kf8 24. Nf5 Bd8 25.
Qxe8+ Nxe8 26. d5 Bg5 27. f4 Bf6 28. Kf2 h5 29. Ke2 g6 30. Ne3 Ke7 31. h3 Bd4 32.
Nc4 f5 33. Ne5 Kf6 34. Nc6 Bb2 35. Kd3 Nd6 36. c3 Ne4 37. Be1 Ba3 38. g4 Nc5+ 39. Kc4 fxg4 40. hxg4 hxg4 41. Nd4 Bc1 42. Bh4+ Kf7 43. Ne2 Be3 44. Bd8 Nxa4 45. Bxc7 Nb2+ 46. Kb5 a4 47. Bd6 Bc5 48. Bxc5 bxc5 49. Kc6 a3 50. d6 a2 51. d7 a1=Q 52. d8=Q Qa6+ 53. Kxc5 Qxe2 54.
Qd7+ Qe7+ 55. Qxe7+ Kxe7 56. Kd4 Kd6 57. Ke4 Ke6 58.
Ke3 Kf5 59. Kf2 Kxf4 60. Kg2 0-1

[Event "*** Titled Tuesday Blitz"]
[Site "Chess.com"]
[Date "2021.04.27"]
[Round "3"]
[White "Fandorine"]
[Black "MaevskiyNikolay"]
[Result "1-0"]
[WhiteElo "2901"]
[BlackElo "2473"]
[TimeControl "180+1"]
[EndTime "10:29:11 PDT"]
[Termination "Fandorine won by checkmate"]

1. e4 c6 2. Nc3 d5 3. Qf3 d4 4.
Bc4 e6 5. Nce2 c5 6. Qg3 Nc6 7. Nf3 a6 8. a4 Nf6 9. d3 g6 10. h4 Nh5 11. Qh2 Nf6 12. Bf4 Be7 13. a5 h5 14. Qg3 Ng4 15. Bg5 Bxg5 16. Nxg5 Nxa5 17.
f3 Nxc4 18. fxg4 Ne3 19. gxh5 Rxh5 20. Rc1 Qe7 21. c3 e5 22. cxd4 exd4 23. b4 b6 24. bxc5 bxc5 25. Rb1 Rh8 26. e5 Kf8 27. Nf4 Kg7 28.
h5 Bf5 29. h6+ Kf8 30. e6 f6 31. Nf3 g5 32. Nxg5 fxg5 33. Nd5 Qxe6 34. Nc7 Qe7 35. Nd5 Qe6 36. Nc7 Qd7 37. Qe5 Kf7 38. Qxc5 Kg6 39. Rb6+ Kh7 40. Rb7 Rhe8 41. Kd2 Nd5 42. Nxd5 Qxb7 43.
Rb1 Kg6 44. Rxb7 Re6 45. Rb6 Rxb6 46. Qxb6+ Kh5 47. Nf6+ Kg6 48. Qxd4 Kxh6 49. Nd5 Bg6 50. g4 Rd8 51. Qe5 Kh7 52. Qe7+ Kh6 53. Qxd8 Bxd3 54.
Qh8+ Bh7 55. Qf6+ Bg6 56. Ne7 Kh7 57. Qxg6+ Kh8 58. Qg8# 1-0

[Event "*** Titled Tuesday Blitz"]
[Site "Chess.com"]
[Date "2021.04.27"]
[Round "3"]
[White "aaaao"]
[Black "chesslh19"]
[Result "1-0"]
[WhiteElo "2675"]
[BlackElo "2280"]
[TimeControl "180+1"]
[EndTime "10:29:11 PDT"]
[Termination "aaaao won by resignation"]

1. e4 e5 2. Nf3 Nf6 3. d4 exd4 4. e5 Ne4 5. Qxd4 d5 6. exd6 Nxd6 7. Nc3 Nc6 8. Qf4 Nf5 9. Bb5 Bd6 10. Qe4+ Qe7 11.
g4 Qxe4+ 12. Nxe4 Ne7 13. Nxd6+ cxd6 14. h3 h5 15. Rg1 hxg4 16. hxg4 Be6 17. Bf4 O-O-O 18.
O-O-O Nd5 19. Bd2 Nf6 20. g5 Ne4 21. Be3 a6 22. Be2 Kc7 23. a3 Nc5 24. Nd4 Nxd4 25.
Bxd4 Rh7 26. b4 Nd7 27. g6 fxg6 28. Rxg6 Bf5 29. Rxg7 Rxg7 30. Bxg7 Ne5 31. Bxe5 dxe5 32. Rxd8 Kxd8 33. Kd2 Ke7 34. Bd3 Bc8 35. Ke3 Kd6 36.
c4 b6 37. Ke4 Bb7+ 38. Kf5 a5 39. Be4 Bc8+ 40. Kf6 axb4 41. axb4 Bd7 42. f3 Bc8 43. Ba8 Bd7 44. Bd5 Bc8 45. Kf7 Bd7 46. Kf6 Bc8 47.
Bg8 Bd7 48. Bh7 Bc6 49. Be4 Bd7 50. c5+ bxc5 51. bxc5+ Kxc5 52. Kxe5 Kb6 53. Kd6 Bc8 54. f4 Ka7 55. Bd5 Kb8 56. Be6 Ba6 57. f5 Bd3 58. f6 Bg6 59. Ke7 Kc7 60. Bf7 Bf5 61. Bh5 1-0

[Event "*** Titled Tuesday Blitz"]
[Site "Chess.com"]
[Date "2021.04.27"]
[Round "3"]
[White "Bhagya_2312"]
[Black "Grieve72"]
[Result "0-1"]
[WhiteElo "2115"]
[BlackElo "2492"]
[TimeControl "180+1"]
[EndTime "10:29:12 PDT"]
[Termination "Grieve72 won on time"]

1. e4 c5 2. Nf3 e6 3. d4 cxd4 4. Nxd4 Nc6 5. Nc3 Qc7 6. f4 Nxd4 7. Qxd4 b6 8. Qf2 Bb7 9. Bd3 Nf6 10. e5 Bc5 11. Qe2 Nd5 12. Ne4 Be7 13. c3 f5 14.
Nf2 Nxc3 15. Qc2 Nd5 16. Qxc7 Nxc7 17. O-O O-O 18. Bd2 Rac8 19. a4 a5 20. Rac1 Nd5 21. Bb5 Bc6 22. Ba6 Ra8 23. Bb5 Bxb5 24. axb5 Rfc8 25. Nd3 Kf7 26. Kf2 d6 27. Kf3 h6 28.
h3 g6 29. g4 Kg7 30. Rg1 dxe5 31. Nxe5 Bc5 32. Rg2 Ne7 33. gxf5 exf5 34. Bc3 Kh7 35. Rd1 Rd8 36. Rgd2 Rxd2 37. Rxd2 g5 38. Rd7 Kg8 39.
fxg5 hxg5 40. Nd3 Ng6 41. Nxc5 bxc5 42. Rg7+ Kf8 43. Rxg6 Ke7 44. Bf6+ Kf7 45. Rh6 Rg8 46. Bc3 g4+ 47. hxg4 fxg4+ 48. Kg3 Rb8 49. b6 a4 50. b7 Ke7 51. Rh7+ Kd6 52. Bd2 Kc6 53. Kxg4 Rxb7 54.
Rxb7 Kxb7 55. Kf5 a3 0-1

[Event "*** Titled Tuesday Blitz"]
[Site "Chess.com"]
[Date "2021.04.27"]
[Round "3"]
[White "Keks2017"]
[Black "superchess02"]
[Result "1-0"]
[WhiteElo "2473"]
[BlackElo "2777"]
[TimeControl "180+1"]
[EndTime "10:29:13 PDT"]
[Termination "Keks2017 won by resignation"]

1. e4 c5 2. d3 d6 3. g3 g6 4.
Bg2 Bg7 5. f4 Nc6 6. Nf3 Nf6 7.
O-O O-O 8. h3 Rb8 9. g4 b5 10.
Nc3 b4 11. Ne2 a5 12. Rb1 a4 13. Be3 Nd7 14. Rf2 Ba6 15. Ng3 Nd4 16. Nxd4 cxd4 17. Bc1 b3 18. cxb3 axb3 19. a3 Nc5 20. Bf1 e5 21. f5 Bf6 22. Qd2 d5 23. g5 Be7 24.
f6 Bd6 25. exd5 Bc7 26. Ne4 Qxd5 27. Nxc5 Qxc5 28. Qe1 Rfe8 29. Bd2 e4 30. dxe4 Bxf1 31. Kxf1 Qc2 32. Rc1 Qd3+ 33. Qe2 Qxh3+ 34. Rg2 Bb6 35. Qg4 Qh1+ 36. Kf2 d3+ 37. Kf3 Qh5 38. Qxh5 gxh5 39. Be3 Ba5 40. Bd2 Bb6 41. Bc3 Rbd8 42. Rd1 Re6 43.
e5 Bc7 44. Rgd2 Bxe5 45. Rxd3 Rde8 46. Bxe5 Rxe5 47. Rd8 h6 48. gxh6 Kh7 49. Rxe8 Rxe8 50. Rd7 Kg6 51. Rb7 Re6 52. Rxb3 Rxf6+ 53. Kg3 Kxh6 54.
a4 Rg6+ 55. Kh3 Rg5 56. Ra3 Rg8 57. a5 Ra8 58. a6 Kg5 59. b4 Kf6 60. b5 Ke6 61. b6 Ke7 62. b7 1-0

[Event "*** Titled Tuesday Blitz"]
[Site "Chess.com"]
[Date "2021.04.27"]
[Round "3"]
[White "nss13"]
[Black "maximych26"]
[Result "1/2-1/2"]
[WhiteElo "2546"]
[BlackElo "2299"]
[TimeControl "180+1"]
[EndTime "10:29:13 PDT"]
[Termination "Game drawn by repetition"]

1. e4 c6 2. d4 d5 3. Nc3 dxe4 4. Nxe4 Nf6 5. Nxf6+ gxf6 6. c3 Bf5 7. Nf3 e6 8. Nh4 Bg6 9. f4 f5 10. g3 Be7 11. Ng2 Nd7 12. Be3 Nb6 13. c4 Bb4+ 14. Kf2 Be7 15. Be2 Qd7 16. Qd2 h5 17. h4 Rg8 18. Rhd1 Nc8 19. d5 Nd6 20. Bd3 exd5 21. cxd5 cxd5 22. Bd4 Ne4+ 23. Bxe4 fxe4 24. Ne3 Bf5 25. Be5 Be6 26. Nxd5 Bc5+ 27. Kg2 Bxd5 28. Qxd5 Qxd5 29. Rxd5 Rc8 30. Bf6 Kf8 31. Rc1 Rg6 32. Bd4 b6 33. Bxc5+ bxc5 34. Rcxc5 Rxc5 35. Rxc5 Rb6 36. b3 Ra6 37. a4 Rb6 38. Rxh5 Rxb3 39. Ra5 Rb2+ 40. Kh3 e3 41. Re5 e2 42. h5 Kg7 43.
Kg4 Ra2 44. Kf5 a5 45. g4 Rxa4 46. Rxe2 Rc4 47. Re5 a4 48. g5 Rb4 49. Ra5 Rc4 50. Ra6 Rb4 51. h6+ Kh7 52. Ra7 Kg8 53. Kf6 Rb6+ 54. Kf5 Rb5+ 55. Kg4 Rb4 56. Kf5 Rb5+ 57. Kf6 Rb6+ 58. Ke5 Rb5+ 59. Kf6 Rb6+ 1/2-1/2

[Event "*** Titled Tuesday Blitz"]
[Site "Chess.com"]
[Date "2021.04.27"]
[Round "3"]
[White "m_ezat"]
[Black "attack2mateU"]
[Result "0-1"]
[WhiteElo "2491"]
[BlackElo "2724"]
[TimeControl "180+1"]
[EndTime "10:29:14 PDT"]
[Termination "attack2mateU won on time"]

1. d4 Nf6 2. c4 g6 3. Nc3 d5 4.
Nf3 Bg7 5. Bf4 O-O 6. Rc1 Be6 7. e3 c5 8. dxc5 Qa5 9. Nd4 Ne4 10. Bd3 Nxc5 11.
Bc2 dxc4 12. O-O Nc6 13. Nxe6 Nxe6 14. Bg3 Rfd8 15. Qf3 Ng5 16. Qe2 b5 17. a4 b4 18.
Nb5 Rac8 19. Qxc4 Nd4 20. Bc7 Rxc7 21. Nxc7 Rc8 22. exd4 Rxc7 23. Qd3 Ne6 24. Bb3 Nxd4 25. h3 e6 26. Rfe1 Qb6 27. Rxc7 Qxc7 28. Rd1 a5 29. Bc4 Qe5 30. b3 h5 31. Qe3 Qf6 32. Qe4 h4 33. Qa8+ Kh7 34. Qxa5 Qf4 35. Qc5 Be5 36. f3 Qe3+ 37. Kh1 Qf4 38. Kg1 Nf5 39. Qf2 Qh2+ 40. Kf1 Ng3+ 41. Ke1 Bf4 42. Rd2 Qh1+ 43. Bf1 Bxd2+ 44.
Kxd2 Nxf1+ 45. Kd3 Ng3 46. Qe3 Qb1+ 47. Kc4 Qc2+ 48.
Kxb4 Nf5 49. Qe4 Qxg2 50. Ka3 Qxh3 51. a5 Qf1 52. Qf4 h3 53. Qg5 h2 54. Qxg6+ fxg6 55.
a6 Qxa6+ 0-1

[Event "*** Titled Tuesday Blitz"]
[Site "Chess.com"]
[Date "2021.04.27"]
[Round "3"]
[White "Marty435"]
[Black "Chandradi"]
[Result "1-0"]
[WhiteElo "2597"]
[BlackElo "2368"]
[TimeControl "180+1"]
[EndTime "10:29:15 PDT"]
[Termination "Marty435 won by checkmate"]

1. e3 Nf6 2. Nf3 c5 3. b3 e6 4. Bb2 Be7 5. c4 b6 6. Nc3 Bb7 7. Be2 O-O 8. O-O d5 9. cxd5 Nxd5 10. Nxd5 Bxd5 11. d4 Bf6 12. Rc1 Nd7 13. Ba3 Be7 14.
Bb2 Bf6 15. Qd2 Rc8 16. Rfd1 cxd4 17. Nxd4 Rxc1 18. Rxc1 Qa8 19. Nf3 Bxb2 20. Qxb2 Rc8 21. Rxc8+ Qxc8 22. Nd4 h6 23. Bf3 Qc5 24. Bxd5 Qxd5 25.
Qc2 Qc5 26. Qxc5 Nxc5 27. Kf1 Kf8 28. Ke2 Ke8 29. Nb5 a6 30. Nd6+ Kf8 31. b4 Nd7 32.
Kd3 Ke7 33. Nc8+ Ke8 34. a4 Kd8 35. Nd6 f6 36. f4 Ke7 37. Ne4 Nb8 38. Kc4 Kd7 39.
g4 Kc6 40. Nc3 Nd7 41. h4 g5 42. b5+ axb5+ 43. axb5+ Kc7 44. hxg5 hxg5 45. Kd4 gxf4 46. exf4 e5+ 47. Ke4 exf4 48. Kxf4 Kd6 49. Kf5 Kc5 50. Ne4+ Kxb5 51. Nxf6 Nf8 52. g5 Kc4 53. Nh7 b5 54.
Nxf8 b4 55. g6 b3 56. g7 b2 57. g8=Q+ Kc3 58. Qg1 Kc2 59. Qf2+ Kb1 60. Qe1+ Ka2 61. Qd2 Ka1 62. Qc3 Ka2 63. Qc2 Ka1 64. Qa4+ Kb1 65.
Ke4 Kc1 66. Qc4+ Kd1 67. Qb3+ Kc1 68. Qc3+ Kb1 69. Kd3 Ka2 70. Qa5+ Kb1 71. Qa4 Kc1 72. Qc2# 1-0

[Event "*** Titled Tuesday Blitz"]
[Site "Chess.com"]
[Date "2021.04.27"]
[Round "3"]
[White "suyu28"]
[Black "AlexTriapishko"]
[Result "0-1"]
[WhiteElo "2628"]
[BlackElo "2864"]
[TimeControl "180+1"]
[EndTime "10:29:16 PDT"]
[Termination "AlexTriapishko won by resignation"]

1. d4 Nf6 2. c4 g6 3. Nc3 Bg7 4. e4 O-O 5. Nge2 c6 6. Ng3 d5 7.
e5 Ne8 8. cxd5 cxd5 9. h4 f6 10. f4 h5 11. Qc2 f5 12. Nxd5 Nc6 13. Be3 Be6 14. Nc3 Nxd4 15. Qf2 Nc6 16. Be2 Nc7 17. Rd1 Qe8 18. O-O Qf7 19. Bf3 Rfd8 20. Rxd8+ Rxd8 21. Bxa7 Nd5 22. Bb6 Rd7 23. Nxd5 Bxd5 24. Rd1 e6 25.
Bxd5 exd5 26. Ne2 d4 27. b3 Bf8 28. Qf3 Qe6 29. Kh2 Nxe5 30. fxe5 Qxb6 31. Nf4 Bh6 32. e6 Bxf4+ 33. Qxf4 Qxe6 34. Kh1 d3 35. Rd2 Kf7 36. Qh6 Qe1+ 37. Kh2 Qxh4+ 38. Kg1 Re7 39. Qh7+ Kf6 40. Qh8+ Kg5 41. Qd8 Qe1+ 42. Kh2 Qe5+ 43. Kg1 Qe3+ 44. Kh2 Qxd2 45. Qxe7+ Kf4 46. Qd6+ Ke4 47.
Qe6+ Kd4 48. Qf6+ Ke3 49. Qe5+ Kf2 50. Qg3+ Kf1 51. Qf3+ Ke1 52. Qg3+ Kd1 53. Qxg6 Qf4+ 54. g3 Qf2+ 55. Kh3 Qf1+ 56. Kh2 Qe2+ 57. Kh3 Qg4+ 58. Qxg4+ hxg4+ 59. Kg2 d2 60. Kf2 Kc2 0-1

[Event "*** Titled Tuesday Blitz"]
[Site "Chess.com"]
[Date "2021.04.27"]
[Round "3"]
[White "retropwr"]
[Black "thechesscorner64"]
[Result "1-0"]
[WhiteElo "2238"]
[BlackElo "2388"]
[TimeControl "180+1"]
[EndTime "10:29:16 PDT"]
[Termination "retropwr won by checkmate"]

1. c4 e5 2. Nc3 Nc6 3. Nf3 f5 4. g3 Nf6 5. d4 e4 6. Nh4 g6 7. Bg5 Be7 8. e3 Ng8 9. Bxe7 Ncxe7 10. Ng2 Nf6 11. h4 d6 12. Nf4 Bd7 13. Qb3 c6 14. Be2 Qb6 15. Na4 Qxb3 16. axb3 O-O 17. Kd2 b5 18.
cxb5 cxb5 19. Nc3 a6 20. Rhc1 Rfc8 21. b4 Kg7 22. Ra3 h6 23. Rca1 g5 24. hxg5 hxg5 25. Nh3 Kg6 26. Rxa6 Rxa6 27. Rxa6 f4 28. Ng1 f3 29.
Bxb5 Bxb5 30. Nxb5 Ned5 31. Nxd6 Rc2+ 32. Kxc2 Nxb4+ 33.
Kb3 Nxa6 34. Nh3 Nd5 35. Nxe4 g4 36. Nf4+ Nxf4 37. exf4 Kf5 38. Nd2 Ke6 39. Kc4 Nc7 40. Ne4 Nd5 41. Ng5+ Kd6 42. Nf7+ Kc6 43. Ne5+ Kd6 44.
Nxg4 Nb6+ 45. Kd3 Kd5 46. Nf6+ Ke6 47. Ne4 Kd5 48. Ng5 Na4 49. b3 Nb2+ 50. Kc2 Kxd4 51.
Kxb2 Kd3 52. Nxf3 Ke2 53. Ne5 Kxf2 54. f5 Kxg3 55. f6 Kf4 56. f7 Ke4 57. f8=Q Kd5 58.
Nd7 Kc6 59. Qc5+ Kb7 60. Qb6+ Kc8 61. Qb8+ Kxd7 62. Qb6 Kc8 63. b4 Kd7 64. b5 Kc8 65. Qa6+ Kd7 66. b6 Kc6 67. b7+ Kc7 68. Qa7 Kc6 69.
b8=Q Kd5 70. Qd8+ Ke4 71. Qae7+ Kf3 72. Qdf8+ Kg2 73. Qeg7+ Kh1 74. Qfh8# 1-0

[Event "*** Titled Tuesday Blitz"]
[Site "Chess.com"]
[Date "2021.04.27"]
[Round "3"]
[White "alexrustemov"]
[Black "dropstoneDP"]
[Result "0-1"]
[WhiteElo "2589"]
[BlackElo "2923"]
[TimeControl "180+1"]
[EndTime "10:29:17 PDT"]
[Termination "dropstoneDP won on time"]

1. d4 f5 2. g3 Nf6 3. Bg2 g6 4. Nf3 Bg7 5. O-O O-O 6. b3 b6 7. Bb2 Bb7 8. Nbd2 e6 9. c4 Qe7 10. Qc2 d6 11. Rfe1 Nbd7 12. Rad1 a5 13. a3 Ne4 14. e3 Nxd2 15. Nxd2 Bxg2 16. Kxg2 g5 17. e4 f4 18. g4 h5 19. h3 f3+ 20. Nxf3 hxg4 21.
hxg4 Rf4 22. Nh2 Nf8 23. Bc1 Ng6 24. Rh1 Nh4+ 25. Kf1 Rf7 26. Be3 Raf8 27. Ke2 d5 28. e5 dxc4 29. bxc4 Qxa3 30. c5 bxc5 31. Qxc5 Qxc5 32.
dxc5 Bxe5 33. Rdf1 Bf4 34. Ra1 Bxe3 35. fxe3 Rf2+ 36.
Kd3 Rd8+ 37. Ke4 Ra8 38. Ra4 Kg7 39. Nf1 Rb2 40. Ng3 Kg6 41. Nh5 Rb4+ 42. Rxb4 axb4 43. Rf1 b3 44. Rb1 Rb8 45. Kd3 Rb4 46. Kc3 Rxg4 47. Rxb3 Kxh5 48. Rb7 Nf5 49. Rxc7 Nxe3 50. Kd3 Nd5 51. Rc6 Ra4 52. Rd6 Kg4 53. c6 Kf5 54.
Rd7 Nb4+ 55. Kc4 Nxc6+ 56. Kb5 Ne5 0-1

[Event "*** Titled Tuesday Blitz"]
[Site "Chess.com"]
[Date "2021.04.27"]
[Round "3"]
[White "agartha01"]
[Black "Lyschko"]
[Result "1/2-1/2"]
[WhiteElo "2530"]
[BlackElo "2273"]
[TimeControl "180+1"]
[EndTime "10:29:17 PDT"]
[Termination "Game drawn by repetition"]

1. c4 e5 2. Nc3 d6 3. g3 f5 4. Bg2 Nf6 5. e3 Be7 6. Nge2 O-O 7. d4 c6 8. O-O Be6 9. d5 Bf7 10.
dxc6 bxc6 11. b3 Qc7 12. Ba3 Na6 13. Rc1 Rad8 14. Qd2 Kh8 15. Rfd1 Qa5 16. Na4 Qxd2 17. Rxd2 Ne4 18. Rd3 Bh5 19. Nec3 Nxc3 20. Nxc3 e4 21. Rd2 Nc5 22. Ne2 Nd3 23. Rf1 Bf6 24. Nf4 Nxf4 25. gxf4 Be7 26. f3 exf3 27. Bxf3 Bxf3 28. Rxf3 Rfe8 29.
Rg3 d5 30. Bb2 Bf6 31. Bxf6 gxf6 32. cxd5 cxd5 33. Kf2 Re4 34. Rg1 d4 35. Rxd4 Rdxd4 36. exd4 Rxd4 37. Ke3 Re4+ 38. Kf3 Rd4 39. Rc1 Rd2 40.
Rc8+ Kg7 41. Rc7+ Kg6 42. Rxa7 Rxh2 43. b4 Rb2 44. a3 Rb3+ 45. Kg2 h5 46. Kh2 h4 47.
Ra5 Kh5 48. Rxf5+ Kg4 49. Rxf6 Rxa3 50. b5 Ra2+ 51. Kh1 Kg3 52. Rg6+ Kh3 53. b6 Rb2 54. f5 Rb1+ 55. Rg1 Rxb6 56. Rf1 Rf6 57. Rf2 Kg4 58. Kh2 Rxf5 59. Ra2 Rb5 60. Ra4+ Kh5 61.
Kh3 Rb3+ 62. Kh2 Rb2+ 63. Kh3 Rb3+ 64. Kh2 Rb2+ 65. Kh3 Rb3+ 1/2-1/2

[Event "*** Titled Tuesday Blitz"]
[Site "Chess.com"]
[Date "2021.04.27"]
[Round "3"]
[White "Nozdrachev_Vladislav"]
[Black "smshk35"]
[Result "1-0"]
[WhiteElo "2714"]
[BlackElo "2357"]
[TimeControl "180+1"]
[EndTime "10:29:18 PDT"]
[Termination "Nozdrachev_Vladislav won by resignation"]

1. e4 b6 2. d4 Bb7 3. Nc3 e6 4. Bd3 Bb4 5. Qe2 Nf6 6. Nf3 d5 7. exd5 Nxd5 8. Bd2 Nxc3 9. bxc3 Bd6 10.
O-O Nd7 11. a4 h6 12. a5 Qf6 13. a6 Bxf3 14. Qxf3 Qxf3 15. gxf3 Nf6 16. Bb5+ Ke7 17. c4 Rad8 18. Rfe1 Nh5 19. Be3 g5 20. c5 bxc5 21. dxc5 Bf4 22. Bd3 Bxe3 23. fxe3 Rd5 24. c6 Rc5 25. Reb1 Ra8 26. Rb7 Kd6 27. Rab1 Nf6 28. Rb8 Rxb8 29. Rxb8 Nd5 30. Rb7 Rxc6 31. Rxa7 Nb4 32.
Ra8 Nxd3 33. a7 Ke5 34. Rd8 Ra6 35. a8=Q Rxa8 36. Rxa8 Nb4 37. c4 Nd3 38. Kf1 f5 39. Ke2 Nc5 40. Rh8 Na4 41. Rxh6 Nb2 42. Rh7 Nxc4 43. Rxc7 Nd6 44. Rc5+ Kf6 45. Kd3 Nf7 46. Kd4 Nd6 47. e4 fxe4 48. fxe4 Nf7 49. Rc6 Ne5 50. Rc3 Ng4 51. h3 Ne5 52. Kc5 Nd7+ 53. Kd6 Ne5 54.
Rc2 Nd3 55. Rd2 Nf4 56. Rf2 Kg6 57. h4 Nh3 58. Rg2 Kh5 59. hxg5 Nxg5 60. Rxg5+ Kxg5 61. Kxe6 Kg6 62. e5 Kg7 63. Kd7 1-0

[Event "*** Titled Tuesday Blitz"]
[Site "Chess.com"]
[Date "2021.04.27"]
[Round "3"]
[White "Rsnr"]
[Black "Shuvalov"]
[Result "1-0"]
[WhiteElo "2765"]
[BlackElo "2456"]
[TimeControl "180+1"]
[EndTime "10:29:19 PDT"]
[Termination "Rsnr won by resignation"]

1. b3 d5 2. Bb2 Nf6 3. g3 Bf5 4. Bg2 e6 5. Nf3 h6 6. O-O Be7 7. d3 O-O 8. Nbd2 Bh7 9. c4 c6 10. Qc2 a5 11. a3 Nbd7 12. Ra2 Qb6 13. Qb1 Rfc8 14. Qa1 Qd8 15. Rc1 Qf8 16. Nd4 e5 17. Nc2 Bd6 18. Bc3 d4 19. Bb2 Re8 20. b4 a4 21. c5 Bc7 22. Ne1 Nd5 23. Nc4 N7f6 24. e4 dxe3 25. fxe3 e4 26. Bxf6 Nxf6 27. d4 h5 28. Qb2 Qe7 29. Bh3 h4 30. gxh4 Nd5 31. Qf2 Bd8 32. Ng2 Bg6 33. Nd6 Rf8 34.
Bf5 Bh5 35. Bxe4 Bc7 36. Bxd5 cxd5 37. Nf4 Bg4 38. Nxd5 Qd7 39. Nxc7 Qxc7 40. e4 Rad8 41. Qf4 Bh5 42. Rg2 Kh8 43. e5 Rg8 44. Re1 Qc6 45.
Qe4 Qd7 46. Rg5 Bg6 47. Qf3 Rdf8 48. h5 Bh7 49. Rf1 Qe6 50. Nxf7+ Rxf7 51. Qxf7 Qh3 52.
Qf3 Qh4 53. Qf4 Qh3 54. Rf3 Qe6 55. Rfg3 Qa2 56. h4 Qb1+ 57. Kh2 Be4 58. Rg1 Qc2+ 59.
R5g2 Bxg2 60. Rxg2 Qd3 61. h6 gxh6 62. Qxh6+ Qh7 63.
Rxg8+ Kxg8 64. Qxh7+ Kxh7 65. Kg3 Kg6 66. Kf4 Kf7 67.
d5 Ke7 68. d6+ 1-0